 Dungeon Crawl Stone Soup version 0.23.0-3-gf3c87f2 (webtiles) character file.

Game seed: 2722418126807874604

1609 Borgoz the Sneak (level 8, -3/67 HPs)
             Began as a Ghoul Enchanter on Feb 24, 2019.
             Was an Initiate of Ashenzari.
             Slain by Duvessa
             ... wielding a +0 short sword
              (8 damage)
             ... on level 7 of the Dungeon.
             The game lasted 00:18:43 (8198 turns).

Borgoz the Sneak (Ghoul Enchanter)                  Turns: 8198, Time: 00:18:44

Health: -3/67      AC:  5    Str: 12    XL:     8   Next: 95%
Magic:  0/11       EV: 13    Int: 15    God:    Ashenzari [......]
Gold:   384        SH:  0    Dex: 11    Spells: 10/13 levels left

rFire    . . .     SeeInvis .   a - +1 dagger
rCold    + . .     Gourm    .   (no shield)
rNeg     + + +     Faith    .   c - +1 leather armour
rPois    ∞         Spirit   +   q - +0 helmet
rElec    .         Reflect  .   l - scarf {Spirit}
rCorr    .         Harm     .   (no gloves)
MR       .....                  (no boots)
Stlth    ++++......             (no amulet)
HPRegen  0.00/turn              j - ring of wizardry
MPRegen  0.12/turn              u - ring of stealth

@: brilliant, rotting
A: rotting body, claws 1, carnivore, cold resistance 1, negative energy
resistance 3, inhibited regeneration, torment resistance, unbreathing
a: Curse Item, Renounce Religion


You were on level 7 of the Dungeon.
You worshipped Ashenzari.
Ashenzari was noncommittal.
You were not hungry.

You visited 2 branches of the dungeon, and saw 8 of its levels.

You collected 384 gold pieces.

Inventory:

Hand Weapons
 a - a +1 dagger (weapon)
Missiles
 g - 13 poisoned needles
 o - 2 throwing nets (quivered)
 x - 6 tomahawks of returning
Armour
 c - a +1 leather armour (worn)
 l - a scarf of spirit shield (worn)
 q - a +0 helmet (worn)
Jewellery
 j - a ring of wizardry (left claw)
 u - a ring of stealth (right claw)
 y - an uncursed ring of fire
Wands
 f - a wand of iceblast (9)
 m - a wand of digging (4)
 s - a wand of polymorph (7)
Scrolls
 e - 3 scrolls of identify
 n - 3 scrolls of remove curse
 p - a scroll of teleportation
 v - a scroll of enchant armour
Potions
 h - 2 potions of flight
Comestibles
 d - 12 rations


   Skills:
 + Level 4.7 Fighting
 + Level 3.5 Short Blades
 - Level 3.3 Armour
 + Level 4.8 Dodging
 + Level 5.8 Stealth
 - Level 3.0 Spellcasting
 + Level 4.0 Hexes
 - Level 1.1 Ice Magic


You had 10 spell levels left.
You knew the following spells:

 Your Spells              Type           Power        Failure   Level  Hunger
a - Corona                Hex            ###....      1%          1    #......
b - Ensorcelled Hibernat  Hex/Ice        ###...       1%          2    ##.....

Your spell library contained the following spells:

 Spells                   Type           Power        Failure   Level  Hunger
 Confusing Touch          Hex            ###...       1%          1    #......
 Confuse                  Hex            ###.....     1%          3    ###....
 Tukima's Dance           Hex            ###.....     1%          3    ###....
 Dazzling Spray           Conj/Hex       ###...       4%          3    ###....
 Gell's Gravitas          Tloc           ##........   9%          3    ###....
 Petrify                  Tmut/Erth      ##......     24%         4    #####..
 Metabolic Englaciation   Hex/Ice        ###.......   24%         5    ######.
 Yara's Violent Unravell  Hex/Tmut       ###.......   30%         5    ######.


Dungeon Overview and Level Annotations

Branches:
Dungeon (7/15)             Temple (1/1) D:5

Altars:
Ashenzari
Cheibriados
Dithmenos
Elyvilon
Fedhas
Gozag
Hepliaklqana
Kikubaaqudgha
Makhleb
Nemelex Xobeh
Okawaru
Qazlal
Sif Muna
Trog
Wu Jian
Yredelemnul
Zin

Shops:
D:4 :

Annotations:
D:3 1 runed translucent door, Gazerockf's ghost, amateur DrBe
D:6 Menkaure
D:7 Dowan; Duvessa


Innate Abilities, Weirdness & Mutations

Your body is rotting away.
You thrive on raw meat.
You are immune to poison.
You have sharp fingernails.
You are carnivorous and can eat meat at any time.
Your flesh is cold resistant. (rC+)
You are immune to negative energy. (rN+++)
You do not regenerate when monsters are visible.
You are immune to unholy pain and torment.
You can survive without breathing.


Message History

Duvessa is severely wounded.
Okay, then.
Okay, then.
You barely miss Duvessa.
Duvessa is severely wounded.
Duvessa hits you with a +0 short sword.
* * * LOW HITPOINT WARNING * * *
Dowan shouts!
You hit Duvessa but do no damage.
Duvessa is severely wounded.
Duvessa hits you with a +0 short sword.
* * * LOW HITPOINT WARNING * * *
You hit Duvessa.
Duvessa is almost dead.
Duvessa hits you with a +0 short sword.
* * * LOW HITPOINT WARNING * * *
You closely miss Duvessa.
Duvessa is almost dead.
Duvessa hits you with a +0 short sword!
You die...

.....................#.........
#.######...#...##.#.#.........
#.#..........#...##.#.#........#
........<###..######.#.........
###.#....## #### #....####.
........## #⌠# #...#####.
#...?...# +.+ #.........
#.......# ##.## ##.........
#........ #⌠@⌠# ##..........
#........ #####e#####..........#
#........##....e................
#........H###.#.................
#......(........................
....##..........#####.
.......#...............#. #..
#............###.......##
#..#####..........#####.......#.


You could see Duvessa and Dowan.

Vanquished Creatures
  A hippogriff (D:7)
  A hungry ghost (D:7)
  A water moccasin (D:5)
  2 ice beasts
  2 sky beasts (D:6)
  A centaur (D:6)
  A bullfrog (D:6)
  A howler monkey (D:5)
  A crimson imp (D:7)
  3 hounds
  A jelly (D:7)
  5 bullfrog skeletons
  An orc priest (D:3)
  3 orc wizards
  An iguana (D:5)
  A worker ant (D:5)
  3 gnolls (D:5)
  8 adders
  2 oozes
  A worm (D:4)
  3 leopard geckos (D:2)
  13 orcs
  2 ball pythons
  8 giant cockroaches
  6 goblins
  12 hobgoblins
  3 jackals (D:3)
  11 kobolds
  2 quokkas
  A ball python skeleton (D:4)
  4 bats
  4 frilled lizards
  9 rats
118 creatures vanquished.

Notes
Turn   | Place    | Note
-------+----------+-------------------------------------------
     0 | D:1      | Borgoz the Ghoul Enchanter began the quest for the Orb.
     0 | D:1      | Reached XP level 1. HP: 14/14 MP: 2/2
   251 | D:1      | Reached skill level 1 in Short Blades
   556 | D:1      | Reached XP level 2. HP: 17/20 MP: 1/3
   586 | D:1      | Learned a level 2 spell: Ensorcelled Hibernation
  1131 | D:1      | Reached XP level 3. HP: 25/27 MP: 4/4
  1580 | D:2      | Reached skill level 1 in Armour
  1621 | D:2      | Reached skill level 1 in Fighting
  1649 | D:2      | Reached XP level 4. HP: 27/35 MP: 0/6
  2133 | D:2      | Reached XP level 5. HP: 38/41 MP: 0/7
  2482 | D:3      | Found a runed translucent door.
  2482 | D:3      | Noticed Gazerockf's ghost (amateur DrBe)
  2686 | D:3      | Noticed an ice beast
  3004 | D:3      | Found a bloodstained altar of Trog.
  3149 | D:3      | Found an ornate altar of the Wu Jian Council.
  3281 | D:3      | Killed an ice beast
  3281 | D:3      | Reached skill level 4 in Stealth
  3281 | D:3      | Reached XP level 6. HP: 14/48 MP: 1/8
  3834 | D:4      | Found Usaegiv's Book Boutique.
  4633 | D:5      | Entered Level 5 of the Dungeon
  4794 | D:5      | Found a staircase to the Ecumenical Temple.
  4836 | Temple   | Entered the Ecumenical Temple
  4910 | Temple   | Became a worshipper of Ashenzari the Shackled
  5000 | D:5      | Reached XP level 7. HP: 28/57 MP: 1/9
  6369 | D:6      | Reached skill level 1 in Ice Magic
  6696 | D:6      | Reached XP level 8. HP: 31/65 MP: 7/11
  6834 | D:7      | Noticed a hippogriff
  7023 | D:6      | Reached skill level 5 in Stealth
  7331 | D:6      | Noticed Menkaure
  8144 | D:7      | Killed a hippogriff
  8154 | D:7      | Noticed Duvessa
  8155 | D:7      | Noticed Dowan
  8198 | D:7      | Slain by Duvessa

Skill      XL: |  1  2  3  4  5  6  7  8 |
---------------+-------------------------+-----
Short Blades   | 1 2 3 |  3.5
Dodging        | 2 3 4 |  4.8
Spellcasting   | 2 3 |  3.0
Armour         | 1 2 3 |  3.3
Fighting       | 1 2 3 4 |  4.7
Hexes          | 3 4 |  4.0
Stealth        | 4 5 |  5.8
Ice Magic      | 1 |  1.1

Action                   |  1- 3 |  4- 6 |  7- 9 || total
-------------------------+-------+-------+-------++-------
Melee: Dagger            |   147 |   248 |   293 ||   688
Throw: Throwing net      |       |     1 |       ||     1
 Cast: Corona            |     6 |     2 |    10 ||    18
       Ensorcelled Hiber |     3 |    14 |    30 ||    47
Evoke: Wand              |       |     1 |     2 ||     3
  Use: Potion            |     2 |     4 |     8 ||    14
       Scroll            |       |     6 |     2 ||     8
 Stab: Sleeping          |     5 |    14 |    20 ||    39
       Held in net/web   |       |     1 |       ||     1
       Invisible         |       |     4 |       ||     4
  Eat: Chunk             |     7 |    19 |    13 ||    39
       Ration            |       |       |     2 ||     2
Armor: Leather armour    |    42 |    46 |    77 ||   165
Dodge: Dodged            |    67 |   153 |   165 ||   385
